[Event "1er Festival international de Cassis 2022"]
[Site "Cassis"]
[Date "2022.05.26"]
[Round "1.1"]
[White "Gozzoli, Yannick"]
[Black "Cabrit, Pierre"]
[Result "1-0"]
[TimeControl "1 h 30 + 30 s"]
[WhiteElo "2591"]
[BlackElo "1847"]

1. d4 g6 2. c4 Bg7 3. Nf3 d6 4. Nc3 Nc6 5. d5 Ne5 6. Nxe5 Bxe5 7. e4 Bg7 8. Bd3 Nf6 9. O-O O-O 10.
h3 Nd7 11. f4 Nc5 12. Bc2 f5 13. exf5 Bxf5 14. Bxf5 Rxf5 15. Be3 e6 16. g4 Qh4 17. Kg2 Rff8 18. Bxc5 dxc5 19. dxe6 c6 20.
Ne4 Rad8 21. Qe2 Qe7 22. f5 Rd4 23. Rae1 gxf5 24.
gxf5 Kh8 25. f6 Rxe4 26. fxe7 Rxe2+ 27. Rxe2 Rg8 28. Kh1 1-0

[Event "1er Festival international de Cassis 2022"]
[Site "Cassis"]
[Date "2022.05.26"]
[Round "1.2"]
[White "Bouton, Come"]
[Black "Kunin, Vitaly"]
[Result "0-1"]
[TimeControl "1 h 30 + 30 s"]
[WhiteElo "1846"]
[BlackElo "2539"]

1. e4 d6 2. d4 Nf6 3. Nc3 Nbd7 4. Bc4 e5 5. Nf3 Be7 6. Be3 O-O 7. Qe2 c6 8. Bb3 b5 9. a3 a5 10.
d5 Bb7 11. dxc6 Bxc6 12. Nd2 b4 13. Nd5 Bxd5 14. exd5 a4 15. Bc4 Nb6 16. Qd3 bxa3 17. Rxa3 Ng4 18. O-O f5 19. Rfa1 Nxe3 20.
fxe3 e4 21. Qe2 Rc8 22. c3 Kh8 23. Rd1 Bg5 24. Kh1 Bxe3 25. Qxe3 Nxc4 26. Nxc4 Rxc4 27. Rd4 Rxd4 28. Qxd4 Qb8 29.
Rxa4 Qxb2 30. h3 h6 31. Kh2 Rf6 32. Ra7 Rg6 33. Qg1 Qxc3 34. g3 Qd2+ 35. Qg2 Qxd5 36. Qf2 Kh7 37. Ra3 Qe5 0-1

[Event "1er Festival international de Cassis 2022"]
[Site "Cassis"]
[Date "2022.05.26"]
[Round "1.3"]
[White "Sivuk, Vitaly"]
[Black "Auribault, Louis"]
[Result "1-0"]
[TimeControl "1 h 30 + 30 s"]
[WhiteElo "2529"]
[BlackElo "1819"]

1. d4 d5 2. c4 c6 3. Nf3 Nf6 4. Nc3 e6 5. Bg5 Nbd7 6. e3 Qa5 7. cxd5 Nxd5 8. Qd2 Bb4 9. Rc1 Nxc3 10. bxc3 Ba3 11. Rc2 b6 12.
Bd3 Ba6 13. O-O Bxd3 14. Qxd3 O-O 15. c4 e5 16. Qf5 Qa4 17. Rc3 exd4 18. exd4 Bb4 19. Re3 c5 20. d5 f6 21. Bf4 Rfe8 22.
Bd6 Nf8 23. Bxf8 Rxf8 24. Re7 Rfe8 25. Qe6+ Kh8 26. d6 Rxe7 27. dxe7 Bc3 28. h4 Re8 29. h5 b5 30. Qd7 1-0

[Event "1er Festival international de Cassis 2022"]
[Site "Cassis"]
[Date "2022.05.26"]
[Round "1.4"]
[White "Martin, Nils"]
[Black "Yankelevich, Lev"]
[Result "0-1"]
[TimeControl "1 h 30 + 30 s"]
[WhiteElo "1811"]
[BlackElo "2473"]

1. e4 c6 2. d4 d5 3. Nd2 dxe4 4. Nxe4 Nf6 5. Nxf6+ exf6 6. c3 Bd6 7. Bd3 O-O 8. Ne2 Re8 9.
O-O Nd7 10. Bf4 Nf8 11. Bxd6 Qxd6 12. Ng3 Be6 13. Qc2 Rad8 14. Rfe1 Ng6 15. b3 Bd5 16. Rad1 Qf4 17. f3 Rxe1+ 18. Rxe1 Be6 19. Bf5 Nf8 20. Be4 g6 21. Qc1 Qd6 22. Bb1 f5 23. Qg5 c5 24. Rd1 Qb6 25. Ne2 Re8 26. Nf4 cxd4 27.
cxd4 Bxb3 28. axb3 Qxb3 29. Rf1 Qe3+ 30. Kh1 Qf2 31. Rg1 Re1 32. Nh3 Rxg1+ 33. Nxg1 Qxd4 34. Qc1 b5 35. Ne2 Qe5 36.
Bd3 a5 37. Qc3 Qd5 38. Nc1 b4 39. Qb3 Qe5 40. Qd1 a4 41. Bc2 b3 42. Bxb3 axb3 43. Nxb3 Ne6 44. g3 h5 45. Nd2 Nd4 46.
Kg2 f4 47. Nf1 Nf5 48. Qd2 Ne3+ 49. Nxe3 fxe3 50. Qe2 g5 51. g4 Kg7 52. Kg1 h4 53. Kg2 Qd4 54. Qe1 Kf6 55. Qe2 Qd2 56.
Kf1 Qc1+ 57. Kg2 Kg7 58. Qb5 Qd2+ 59. Kh3 e2 60. Qe5+ Kf8 61. Qh8+ Ke7 62. Qe5+ Kd7 63. Qf5+ Kd6 64.
Qf6+ Kc5 65. Qe5+ Kc4 66. Qe4+ Kc3 67. Qc6+ Kb2 68. Qf6+ Qc3 69. Qb6+ Kc1 70. Qf2 e1=Q 71. Qd2+ Kxd2 0-1

[Event "1er Festival international de Cassis 2022"]
[Site "Cassis"]
[Date "2022.05.26"]
[Round "1.5"]
[White "Movsziszian, Karen"]
[Black "Khallouf, Abdallah"]
[Result "1-0"]
[TimeControl "1 h 30 + 30 s"]
[WhiteElo "2467"]
[BlackElo "1808"]

1. e4 c6 2. d3 d5 3. Nd2 e5 4. Ngf3 Bd6 5. g3 Bg4 6. Bg2 Qc8 7. h3 Bd7 8. Qe2 Nf6 9. exd5 O-O 10.
Nc4 Bb4+ 11. Bd2 e4 12. dxe4 Bxd2+ 13. Nfxd2 cxd5 14. exd5 Re8 15. Ne3 Na6 16. a3 Nc7 17. c4 Rb8 18.
g4 h6 19. O-O b5 20. Rac1 Qa6 21. Rfd1 Rbc8 22. Nb3 bxc4 23. Nc5 Qb5 24. Nxd7 Nxd7 25. Rxc4 Nb6 26. Rc2 Qc4 27. Qd3 Qxd3 28. Re2 1-0

[Event "1er Festival international de Cassis 2022"]
[Site "Cassis"]
[Date "2022.05.26"]
[Round "1.6"]
[White "Leccia, Thomas"]
[Black "Flear, Glenn C"]
[Result "1/2-1/2"]
[TimeControl "1 h 30 + 30 s"]
[WhiteElo "1799"]
[BlackElo "2418"]

1. e4 e5 2. Nf3 Nc6 3. Bb5 a6 4. Ba4 Nf6 5. d4 exd4 6. O-O Be7 7. e5 Ne4 8. Nxd4 O-O 9. Nxc6 dxc6 10.
c3 Qxd1 11. Bxd1 Bf5 12. Nd2 Nc5 13. Nb3 Nd3 14. Nd4 Bg6 15. f4 c5 16. f5 cxd4 17. cxd4 Rad8 18. fxg6 hxg6 19. Be3 c5 20.
dxc5 Rd5 21. e6 fxe6 22. Rxf8+ Bxf8 23. Bf3 Re5 24. Bd4 Bxc5 25. Bxc5 Rxc5 26. Bxb7 a5 27. Be4 Nxb2 28. Rb1 Rb5 29.
Bxg6 Rb6 30. Rc1 Rb8 31. Rc6 Na4 32. Rxe6 Nc3 33. a4 Nxa4 34. Ra6 Nc5 35. Rxa5 Nd7 36. h4 Nf8 37. Ra6 Nxg6 38.
Rxg6 Kh7 39. h5 Rb5 40. g4 Rb2 41. Rg5 Ra2 42. Kf1 Rb2 43. Re5 Rb4 44. Rg5 Rb2 45. Rg6 Ra2 46. Rg5 1/2-1/2

[Event "1er Festival international de Cassis 2022"]
[Site "Cassis"]
[Date "2022.05.26"]
[Round "1.7"]
[White "Philippe, Guillaume"]
[Black "Konate, Salma"]
[Result "1-0"]
[TimeControl "1 h 30 + 30 s"]
[WhiteElo "2405"]
[BlackElo "1782"]

1. e4 c5 2. a3 e6 3. b4 cxb4 4. axb4 Bxb4 5. c3 Ba5 6. d4 Nf6 7. Bd3 Nc6 8. Ne2 h6 9. e5 Ng8 10.
O-O Nge7 11. Ng3 Bc7 12. Nh5 g6 13. Nf6+ Kf8 14. Na3 Nxe5 15. dxe5 Bxe5 16. Ng4 Bg7 17. Nb5 h5 18. Ne3 a6 19.
Ba3 d5 20. Qf3 Be5 21. Bxg6 f5 22. Bxf5 Kg7 23. Bh3 Nc6 24. Nd4 Bxd4 25. cxd4 Nxd4 26. Bb2 Qb6 27. Rac1 Bd7 28. Bxd4+ Qxd4 29.
Rc7 Rad8 30. Bxe6 Qe5 31. Qf7+ Kh6 32. Nf5+ 1-0

[Event "1er Festival international de Cassis 2022"]
[Site "Cassis"]
[Date "2022.05.26"]
[Round "1.8"]
[White "Bonelli Maestracci, Pierre Joseph"]
[Black "Petrosyan, Armen"]
[Result "1/2-1/2"]
[TimeControl "1 h 30 + 30 s"]
[WhiteElo "1767"]
[BlackElo "2396"]

1. e4 c6 2. d4 d5 3. exd5 cxd5 4. Nf3 Nf6 5. Ne5 Nc6 6. Bb5 Bd7 7. Nxd7 Qxd7 8. c3 a6 9. Ba4 e6 10.
O-O Bd6 11. Re1 O-O 12. Nd2 Qc7 13. Nf3 h6 14. Qe2 Ne4 15. h3 b5 16. Bc2 f5 17. Nd2 Nxd4 18. cxd4 Qxc2 19. f3 Ng5 20. h4 Nf7 21. Nb3 Qxe2 22. Rxe2 Bg3 23. Bd2 Bxh4 24. Rxe6 Rfe8 25.
Rc6 Re2 26. Rac1 a5 27. Bxa5 Rxb2 28. R6c2 Rxb3 29. Rc8+ Kh7 30. Rxa8 Ra3 31. Rf8 Rxa5 32. Rxf7 Bf6 33. Rd1 Rxa2 34.
Rd7 b4 35. Rb7 Rb2 36. Kh2 Bg5 37. Rd3 h5 38. Rf7 Kg6 39. Rd7 Bf4+ 40. Kg1 Bg3 41. Kf1 Rb1+ 42. Ke2 Re1+ 43. Kd2 Rg1 44.
Kc2 Rxg2+ 45. Kb3 h4 46. Rxd5 h3 1/2-1/2

[Event "1er Festival international de Cassis 2022"]
[Site "Cassis"]
[Date "2022.05.26"]
[Round "2.1"]
[White "Avanesyan, Davit"]
[Black "Gozzoli, Yannick"]
[Result "0-1"]
[TimeControl "1 h 30 + 30 s"]
[WhiteElo "2131"]
[BlackElo "2591"]

1. e4 Nf6 2. e5 Nd5 3. Nc3 Nxc3 4. bxc3 d5 5. d4 c5 6. Nf3 Nc6 7. Be2 Bg4 8. O-O e6 9. Rb1 Rb8 10.
Bb5 Be7 11. Ba3 O-O 12. Bxc6 bxc6 13. dxc5 Rxb1 14. Qxb1 Bxf3 15. gxf3 Qc7 16. f4 f6 17. Qe1 Qa5 18. Bb4 Qb5 19.
a4 Qc4 20. Qe3 a5 21. Bxa5 Bxc5 22. Qh3 fxe5 23. Qxe6+ Kh8 24. Bc7 Qxf4 25. Qh3 Rf5 26. Kh1 h6 27. Rg1 Qxf2 28. Rd1 Rg5 29.
Qf1 Rg1+ 0-1

[Event "1er Festival international de Cassis 2022"]
[Site "Cassis"]
[Date "2022.05.26"]
[Round "2.2"]
[White "Kunin, Vitaly"]
[Black "Jober, Robert"]
[Result "1-0"]
[TimeControl "1 h 30 + 30 s"]
[WhiteElo "2539"]
[BlackElo "2073"]

1. d4 Nf6 2. c4 c5 3. d5 b5 4. cxb5 a6 5. b6 e6 6. Nc3 exd5 7. Nxd5 Nxd5 8. Qxd5 Nc6 9. e4 Be7 10.
Bc4 O-O 11. Nf3 Rb8 12. O-O Rxb6 13. Qh5 d6 14. b3 Be6 15. Bxe6 fxe6 16. Qg4 Rf6 17. Bd2 Rg6 18. Qh3 Qe8 19.
Rad1 Bf6 20. Bf4 Nd4 21. Nxd4 Bxd4 22. Be3 e5 23. Bxd4 exd4 24. Qd3 Qb5 25. Qc2 Re6 26. f3 Rb7 27.
b4 Ree7 28. bxc5 dxc5 29. Rb1 Qc6 30. Qc4+ Kh8 31. Rfc1 Rxb1 32. Rxb1 Rc7 33. a4 h6 34. e5 Kh7 35. a5 Rb7 36.
Rc1 Rb2 37. Qxd4 cxd4 38. Rxc6 d3 39. Rd6 d2 1-0

[Event "1er Festival international de Cassis 2022"]
[Site "Cassis"]
[Date "2022.05.26"]
[Round "2.3"]
[White "Maret, Simon"]
[Black "Sivuk, Vitaly"]
[Result "0-1"]
[TimeControl "1 h 30 + 30 s"]
[WhiteElo "1954"]
[BlackElo "2529"]

1. d4 Nf6 2. Nf3 g6 3. g3 c5 4.
c4 cxd4 5. Qxd4 Bg7 6. Nc3 Nc6 7. Qd3 O-O 8. e4 d6 9. Bg2 Bg4 10. O-O Rc8 11. Bf4 Nd7 12. b3 Nc5 13. Qd2 Qa5 14.
Rac1 Bxc3 15. Qxc3 Qxc3 16. Rxc3 Nxe4 17. Re3 Nc5 18. b4 Ne6 19. Bh6 Rfe8 20. b5 Bxf3 21. Rxf3 Na5 22. Ra3 b6 23.
Bd5 Nc7 24. Bg2 Ne6 25. Bd5 Nc5 26. Rd1 Rc7 27. Rd4 Nd7 28. h4 Ne5 29. Bf4 Nexc4 30. Bxc4 Nxc4 31. Rc3 Rec8 32. Bg5 f6 0-1

[Event "1er Festival international de Cassis 2022"]
[Site "Cassis"]
[Date "2022.05.26"]
[Round "2.4"]
[White "Yankelevich, Lev"]
[Black "Belluire, Beatrice"]
[Result "1-0"]
[TimeControl "1 h 30 + 30 s"]
[WhiteElo "2473"]
[BlackElo "1952"]

1. Nf3 d5 2. d4 Nf6 3. c4 e6 4. g3 dxc4 5. Bg2 a6 6. O-O Nc6 7. Qd2 Rb8 8. Ne5 Nxe5 9. dxe5 Qxd2 10.
Nxd2 Nd7 11. Nxc4 b5 12. Na5 Nxe5 13. Bf4 Bb4 14. Bxe5 Bxa5 15. Bxg7 Rg8 16. Be5 Bb7 17. Rac1 Bxg2 18.
Kxg2 Kd7 19. Rfd1+ Kc8 20. Rd4 Rg5 21. f4 Rg6 22. Rd6 Rb6 23. Rd3 Rb8 24. Kf3 h5 25. Ra3 Bb6 26. Rxa6 f6 27.
Bd6 Kd7 28. Bc5 h4 29. Bxb6 cxb6 30. Ra7+ Kd6 31. e4 hxg3 32. Rac7 Kd5 1-0

[Event "1er Festival international de Cassis 2022"]
[Site "Cassis"]
[Date "2022.05.26"]
[Round "2.5"]
[White "Cornileau, Juliette"]
[Black "Movsziszian, Karen"]
[Result "0-1"]
[TimeControl "1 h 30 + 30 s"]
[WhiteElo "1949"]
[BlackElo "2467"]

1. d4 d6 2. c4 e5 3. Nf3 e4 4. Ng5 f5 5. g3 Be7 6. h4 Nf6 7. Nc3 c6 8. Bg2 Na6 9. a3 O-O 10.
O-O h6 11. Nh3 Be6 12. d5 Bf7 13. Nf4 Nc7 14. Bh3 g5 15. Ne6 Nxe6 16. dxe6 Bxe6 17. hxg5 hxg5 18. Bxg5 Kg7 19. Kg2 Rh8 20.
Rh1 Qd7 21. Qd2 Rh7 22. Rad1 Rah8 23. Bf4 Rd8 24. b3 Qe8 25. f3 d5 26. Be5 Qg6 27. cxd5 cxd5 28. Nb5 Kf7 29. Nc7 Bc8 30.
Bxf6 Bxf6 31. Nxd5 exf3+ 32. exf3 Be6 33. Qb4 Rg7 34. g4 Rxd5 35. Qxb7+ Kf8 36. Qa8+ Qe8 37. Qxe8+ Kxe8 38. Rxd5 Bxd5 39.
Re1+ Kf8 40. Kg3 Bxb3 41. Kf4 Bg5+ 42. Kxf5 Bc2+ 0-1

[Event "1er Festival international de Cassis 2022"]
[Site "Cassis"]
[Date "2022.05.26"]
[Round "2.6"]
[White "Sperat Czar, Nicolas"]
[Black "Philippe, Guillaume"]
[Result "0-1"]
[TimeControl "1 h 30 + 30 s"]
[WhiteElo "1943"]
[BlackElo "2405"]

1. d4 Nf6 2. c4 e6 3. Nf3 Bb4+ 4. Nbd2 O-O 5. a3 Be7 6. e3 c5 7. Be2 cxd4 8. Nxd4 Nc6 9. N2f3 d6 10.
O-O Bd7 11. b4 Rc8 12. Bb2 Qc7 13. Rc1 Rfd8 14. Qb3 Qb8 15. Rfd1 Be8 16. Nb5 a6 17. Nc3 Nd7 18. h3 Nde5 19.
Nxe5 Nxe5 20. Bf1 b5 21. cxb5 axb5 22. a4 bxa4 23. Nxa4 d5 24. b5 Nc4 25. Bxc4 dxc4 26. Rxd8 Rxd8 27.
Qxc4 Bxb5 28. Qg4 Bf8 29. Nc3 Bd3 30. Ba1 Bg6 31. Rd1 Rc8 32. Qd4 Qb3 33. Ne2 f6 34. Qd7 Bf7 35. Qd3 Qb8 36.
Nf4 Qb7 37. Rb1 Qc6 38. Bb2 e5 39. Ne2 Rb8 40. Rc1 Qa4 41. Ra1 Bc4 42. Rxa4 Bxd3 43. Nc1 Bc2 0-1

[Event "1er Festival international de Cassis 2022"]
[Site "Cassis"]
[Date "2022.05.26"]
[Round "2.7"]
[White "Petrosyan, Armen"]
[Black "Masson, Valentin"]
[Result "1-0"]
[TimeControl "1 h 30 + 30 s"]
[WhiteElo "2396"]
[BlackElo "1911"]

1. e4 e6 2. d4 d5 3. Nc3 Nf6 4. e5 Nfd7 5. f4 c5 6. Nf3 Nc6 7. Be3 Be7 8. a3 O-O 9. dxc5 Bxc5 10.
Bxc5 Nxc5 11. b4 Nd7 12. Bd3 f6 13. b5 Na5 14. O-O Qc7 15.
Qd2 Nc5 16. Rab1 f5 17. Ne2 Bd7 18. Nfd4 b6 19. Qe3 Ne4 20. g4 g6 21. gxf5 gxf5 22. Rb4 Nc4 23. Bxc4 dxc4 24. Ng3 Nxg3 25.
hxg3 Kf7 26. Kf2 a5 27. Rbb1 h5 28. Rh1 Rh8 29. Nf3 Bc8 30. Rbd1 Bb7 31. Rd6 Bxf3 32. Qxf3 Qc5+ 33. Kg2 Ra7 34.
Rxh5 Rg8 35. Rh7+ Rg7 36. Qh5+ 1-0

[Event "1er Festival international de Cassis 2022"]
[Site "Cassis"]
[Date "2022.05.26"]
[Round "2.8"]
[White "Bremond, Pascal"]
[Black "Degraeve, Remy"]
[Result "0-1"]
[TimeControl "1 h 30 + 30 s"]
[WhiteElo "1915"]
[BlackElo "2383"]

1. d4 d5 2. c4 e6 3. Nf3 Nf6 4. g3 Bb4+ 5. Nbd2 dxc4 6. Qc2 b5 7. a4 c6 8. Bg2 Bb7 9. O-O a6 10.
e4 Nbd7 11. e5 Nd5 12. Ne4 h6 13. h4 Be7 14. b3 cxb3 15. Qxb3 Qb6 16. Ba3 b4 17. Bb2 a5 18. Nfd2 Ba6 19.
Nc4 Bxc4 20. Qxc4 O-O 21. Rac1 Rfc8 22. Nc5 Nxc5 23. dxc5 Qa6 24. Qe4 Rab8 25. Rfd1 b3 26. Bf1 Qa7 27.
Bd3 g6 28. h5 Rb4 29. Rc4 Rxc4 30. Bxc4 Bxc5 31. hxg6 Bxf2+ 32. Kh2 Qe3 33. gxf7+ Kg7 34. Qg4+ Qg5 35. Qf3 Rf8 36. Qxf2 Qh5+ 37.
Kg2 Qxd1 38. Be2 Qc2 39. Bc1 0-1

[Event "1er Festival international de Cassis 2022"]
[Site "Cassis"]
[Date "2022.05.27"]
[Round "3.1"]
[White "Gozzoli, Yannick"]
[Black "Petrosyan, Armen"]
[Result "1-0"]
[TimeControl "1 h 30 + 30 s"]
[WhiteElo "2591"]
[BlackElo "2396"]

1. c4 c5 2. Nc3 Nf6 3. Nf3 Nc6 4. g3 d5 5. cxd5 Nxd5 6. Bg2 Nc7 7. a3 e5 8. b4 cxb4 9. axb4 a6 10.
Bb2 f6 11. b5 axb5 12. Nxb5 Rxa1 13. Nxc7+ Qxc7 14. Qxa1 Bb4 15. O-O O-O 16. Bc3 Bxc3 17. Qxc3 Rd8 18. d3 Be6 19. Rb1 Rd7 20.
h3 Bd5 21. Rb5 Ne7 22. Rc5 Qd6 23. Nd2 Bxg2 24. Kxg2 Qe6 25. Kh2 Rd5 26. Qb3 Kf7 27. Nc4 b6 28. Rb5 Kg6 29. Rxb6 Qd7 30.
Rb7 Qd8 31. Qa4 Rc5 32. Qa7 1-0

[Event "1er Festival international de Cassis 2022"]
[Site "Cassis"]
[Date "2022.05.27"]
[Round "3.2"]
[White "Degraeve, Remy"]
[Black "Kunin, Vitaly"]
[Result "1-0"]
[TimeControl "1 h 30 + 30 s"]
[WhiteElo "2383"]
[BlackElo "2539"]

1. e4 d6 2. d4 Nf6 3. Nc3 Nbd7 4. f4 Nb6 5. Nf3 d5 6. e5 Ne4 7. Nxe4 dxe4 8. Ng5 Qd5 9. a4 a5 10.
c4 Nxc4 11. Qc2 Nb6 12. Qxc7 f6 13. Qxb6 fxg5 14. Qb5+ Qxb5 15. Bxb5+ Bd7 16. fxg5 e6 17. Bd2 Be7 18. Rf1 Bxb5 19.
axb5 Rf8 20. Rxf8+ Kxf8 21. Ke2 Rd8 22. Bc3 b6 23. Ke3 Bxg5+ 24. Kxe4 Be7 25. Kd3 Ke8 26. Ra4 Kd7 27. Ke4 Rf8 28.
d5 Bc5 29. Bd4 Bxd4 30. Rxd4 Rf2 31. dxe6+ Kxe6 32. Rd6+ Ke7 33. Rxb6 Rxg2 34. b3 Rxh2 35. Rb8 Kd7 36. Rb7+ Ke6 37.
Rb6+ Ke7 38. Rb7+ Ke6 39. Kd4 g5 40. b6 Rh4+ 41. Kc5 Kxe5 42. Ra7 Rh3 43. Rxa5 Rd3 44. b7 Rd8 45. Ra8 Rd5+ 46.
Kc4 Rd4+ 47. Kc3 Kd5 1-0

[Event "1er Festival international de Cassis 2022"]
[Site "Cassis"]
[Date "2022.05.27"]
[Round "3.3"]
[White "Sivuk, Vitaly"]
[Black "Bacrot, Alexandre"]
[Result "1-0"]
[TimeControl "1 h 30 + 30 s"]
[WhiteElo "2529"]
[BlackElo "2341"]

1. Nf3 g6 2. e4 Bg7 3. d4 d6 4. Bc4 a6 5. O-O e6 6. Bb3 b5 7. a4 b4 8. a5 Nf6 9. e5 dxe5 10.
Ba4+ Nfd7 11. dxe5 h6 12. Qd4 Qe7 13. Qe4 Ra7 14. Bf4 Bb7 15. Qe3 Ra8 16. h4 Bxf3 17. Qxf3 c6 18. h5 g5 19.
Bg3 Bxe5 20. Nd2 Bxg3 21. Qxg3 Nf6 22. Nc4 O-O 23. Rae1 Nbd7 24. Qf3 Rac8 25. Ne5 Nxe5 26. Rxe5 Rfd8 27. Bb3 Nd5 28. Rfe1 Kg7 29. g3 Rd6 30. Bc4 Nc7 31. Qe4 Rh8 32.
Rc5 Nb5 33. Rxc6 Rxc6 34. Qxc6 Nd4 35. Qe4 Qf6 36. Rd1 e5 37. Bxa6 Nf3+ 38. Kg2 Qxa6 39. Kxf3 Qxa5 40. Rd7 Qb6 41.
Qxe5+ Qf6+ 42. Qxf6+ Kxf6 43. Rc7 Re8 44. b3 Re6 45. Rc4 Rb6 46. Ke4 Ke6 47. g4 Ke7 48. Rc7+ Ke6 49. Rc5 Ke7 50.
f4 gxf4 51. Kxf4 Kf6 52. Ke4 Rd6 53. Rf5+ Ke6 54. Rb5 Rd2 55. Rxb4 Rxc2 56. Rb6+ Ke7 57. Rxh6 1-0

[Event "1er Festival international de Cassis 2022"]
[Site "Cassis"]
[Date "2022.05.27"]
[Round "3.4"]
[White "Dudognon, Thibault"]
[Black "Yankelevich, Lev"]
[Result "1/2-1/2"]
[TimeControl "1 h 30 + 30 s"]
[WhiteElo "2305"]
[BlackElo "2473"]

1. e4 e5 2. Nf3 Nc6 3. Nc3 Nf6 4. d4 exd4 5. Nxd4 Bb4 6. Nxc6 bxc6 7. Bd3 d5 8. Bd2 O-O 9. O-O Re8 10.
Nxd5 Nxd5 1/2-1/2

[Event "1er Festival international de Cassis 2022"]
[Site "Cassis"]
[Date "2022.05.27"]
[Round "3.5"]
[White "Movsziszian, Karen"]
[Black "Kuhn, Clement"]
[Result "0-1"]
[TimeControl "1 h 30 + 30 s"]
[WhiteElo "2467"]
[BlackElo "2280"]

1. g3 c5 2. Bg2 Nc6 3. e4 g6 4. d3 Bg7 5. f4 d6 6. Nh3 e6 7. O-O Nge7 8. c3 O-O 9. Nd2 Rb8 10.
Nf3 b5 11. a3 h6 12. Be3 c4 13. d4 f5 14. Nf2 fxe4 15. Nxe4 Nd5 16. Bf2 Nce7 17. Qc2 a5 18. Rfe1 Nf5 19.
Re2 Qc7 20. Ned2 Kh7 21. h4 Kg8 22. Rae1 b4 23. Nh2 bxc3 24. bxc3 Nfe7 25. Nhf1 Bf6 26. Ne3 Kg7 27. Bf1 Nxe3 28.
Rxe3 Nf5 29. R3e2 h5 30. Bg2 d5 31. Rb1 Bd7 32. Nf3 Qd6 33. Ree1 Qxa3 34. Ra1 Qb3 35. Qd2 a4 36. Ne5 Bxe5 37.
dxe5 Qb2 38. Red1 Qxd2 39. Rxd2 Rb3 40. Rc2 Rfb8 41. Rcc1 Rb2 42. Bh3 R8b3 43. Bxf5 gxf5 44. Bc5 Bc6 45.
Kf1 Kf7 46. Ra3 Ke8 47. Rca1 Rc2 48. Bd4 Rbb2 49. Re1 Rh2 50. Kg1 Rhg2+ 51. Kf1 Rxg3 52. Re2 Rxe2 53. Kxe2 Rg4 54. Ke3 Rxh4 55. Ra1 Rh2 56. Bb6 h4 57.
Ba5 h3 58. Kd4 Rg2 59. Kc5 h2 60. Kd4 0-1

[Event "1er Festival international de Cassis 2022"]
[Site "Cassis"]
[Date "2022.05.27"]
[Round "3.6"]
[White "Philippe, Guillaume"]
[Black "Bui, Christopher"]
[Result "1-0"]
[TimeControl "1 h 30 + 30 s"]
[WhiteElo "2405"]
[BlackElo "1882"]

1. Nf3 c5 2. b3 Nc6 3. Bb2 d6 4. g3 e5 5. d3 Nge7 6. Bg2 g6 7. O-O Bg7 8. c4 O-O 9. Nc3 h6 10.
Ne1 Be6 11. Nc2 d5 12. cxd5 Nxd5 13. Ne4 b6 14. a3 a5 15. Nd2 Ra7 16. a4 f5 17. Na3 Kh7 18. Nac4 Bg8 19. Re1 Ndb4 20.
Rb1 Rd7 21. f3 Nd4 22. Rf1 Re8 23. Rf2 h5 24. Qf1 Ndc2 25. f4 e4 26. Bxg7 e3 27. Be5 exf2+ 28. Qxf2 Nd4 29. Nf3 Nxf3+ 30. Bxf3 Bd5 31. Bxd5 Rxd5 32. Qf3 Re6 33. h3 Rd7 34. g4 hxg4 35. hxg4 Qh4 36. g5 Kg8 37. Kg2 Qg4+ 38. Qxg4 fxg4 39.
Kg3 Rh7 40. Kxg4 Nc6 41. Kf3 Rh2 42. e3 Nb4 43. Ke4 Rh4 44. d4 cxd4 45. Kxd4 Kf7 46. Ke4 Na2 47. Re1 Rh2 48. Kf3 Ke7 49.
Rd1 Kf7 50. Bf6 Rh3+ 51. Kf2 Nb4 52. Rd7+ Kf8 53. Ne5 Nc6 54. Nxg6+ Ke8 55. Rd3 Kf7 56. f5 1-0

[Event "1er Festival international de Cassis 2022"]
[Site "Cassis"]
[Date "2022.05.27"]
[Round "3.7"]
[White "Etienne, Benjamin"]
[Black "Flear, Glenn C"]
[Result "0-1"]
[TimeControl "1 h 30 + 30 s"]
[WhiteElo "1568"]
[BlackElo "2418"]

1. e4 e5 2. Nc3 Nf6 3. f4 d5 4. fxe5 Nxe4 5. Qf3 Nxc3 6. dxc3 Be6 7. Bf4 Qd7 8. Qg3 c5 9. Nf3 h6 10.
h3 Qa4 11. Rc1 Qxa2 12. Bb5+ Nc6 13. b3 Qa5 14. Bxc6+ bxc6 15. O-O g6 16. Bd2 Qc7 17. Nh4 Be7 18. Nf3 g5 19. Qe1 Rg8 20.
g4 h5 21. Nh2 Rh8 22. Kg2 O-O-O 23. Ra1 hxg4 24. Nxg4 Rh4 25. Qe2 Rdh8 26. Rh1 d4 27. c4 Qd7 28. Kg3 Bxg4 29. hxg4 Rxh1 30.
Rxh1 Rxh1 0-1

[Event "1er Festival international de Cassis 2022"]
[Site "Cassis"]
[Date "2022.05.27"]
[Round "3.8"]
[White "Acikgoz, Tuncay"]
[Black "Derige Kane, Yan"]
[Result "0-1"]
[TimeControl "1 h 30 + 30 s"]
[WhiteElo "1874"]
[BlackElo "2161"]

1. d4 d5 2. Nf3 Nf6 3. c4 e6 4. g3 Be7 5. Bg2 O-O 6. O-O c6 7. Nc3 b6 8. Ne5 Bb7 9. Qa4 a6 10.
Rd1 b5 11. Qb3 Nbd7 12. Nxd7 Nxd7 13. cxd5 cxd5 14. e4 dxe4 15. Nxe4 Bd5 16. Qe3 Qc7 17. Bd2 Qb7 18. Bf3 h6 19.
Be1 Rac8 20. Rac1 Nb6 21. b3 Nd7 22. Nc5 Nxc5 23. Bxd5 Qxd5 24. dxc5 Bxc5 25. Qe2 Qf5 26. g4 Qg6 27.
h4 Qf6 28. h5 Bd4 29. Kg2 e5 30. Qe4 Qe6 31. f3 Qd6 32. Bd2 Qa3 33. g5 Rxc1 34. Rxc1 Qxa2 35. Rc2 Qb1 36. gxh6 Qg1+ 37.
Kh3 Qh1+ 38. Kg3 Qg1+ 39. Kh3 Qf1+ 40. Kh4 Qh1+ 41. Kg3 f5 42. h7+ Kh8 43. Qe1 f4+ 0-1

[Event "1er Festival international de Cassis 2022"]
[Site "Cassis"]
[Date "2022.05.27"]
[Round "4.1"]
[White "Philippe, Guillaume"]
[Black "Gozzoli, Yannick"]
[Result "1/2-1/2"]
[TimeControl "1 h 30 + 30 s"]
[WhiteElo "2405"]
[BlackElo "2591"]

1. e4 e5 2. Nf3 Nc6 3. Bb5 a6 4. Ba4 Nf6 5. O-O b5 6. Bb3 Bb7 7. Re1 Bc5 8. c3 d6 9. d4 Bb6 10.
a4 O-O 11. Na3 h6 12. d5 Ne7 13. c4 Ng4 14. Rf1 f5 15. Bc2 fxe4 16. Bxe4 Nf5 17. Nc2 Qd7 18. a5 Ba7 19. b3 Nh4 20. Nce1 Nf6 21. Bc2 Nxf3+ 22. Nxf3 c6 23. dxc6 Bxc6 24.
h3 Rad8 25. Be3 Bxe3 26. fxe3 Qa7 27. Qe1 bxc4 28. bxc4 Qc5 29. Rb1 Be4 30. Bxe4 Nxe4 31. Rb7 Qxc4 32. Qh4 Nd2 33. Qg4 Qf4 34. Qxf4 Nc4 1/2-1/2

[Event "1er Festival international de Cassis 2022"]
[Site "Cassis"]
[Date "2022.05.27"]
[Round "4.2"]
[White "Kuhn, Clement"]
[Black "Sivuk, Vitaly"]
[Result "0-1"]
[TimeControl "1 h 30 + 30 s"]
[WhiteElo "2280"]
[BlackElo "2529"]

1. d4 Nf6 2. c4 e6 3. Nc3 d5 4. cxd5 exd5 5. Bg5 c6 6. e3 Be7 7. Qc2 O-O 8. Bd3 h6 9. Bh4 Nbd7 10.
Nf3 Ne8 11. Bxe7 Qxe7 12. O-O Ndf6 13. Rab1 Be6 14. Ne5 Nd6 15. b4 Rfc8 16. Na4 Rc7 17. Rfc1 Rac8 18. Nc5 Nde4 19. Rb2 Bf5 20.
Nxe4 dxe4 21. Be2 Nd5 22. Qb3 Be6 23. Qc2 f6 24. Nc4 Bf7 25. a3 h5 26. Kh1 Re8 27. Qd1 g6 28. Qg1 Nb6 29.
Rbc2 Bd5 30. h4 Qe6 31. Qh2 Rg7 32. Qd6 Qf5 33. Qg3 Ra8 34. Na5 a6 35. Kh2 g5 36. Nc4 gxh4 37. Qxh4 Nxc4 38.
Bxc4 Bxc4 39. Rxc4 Rg4 40. Qh3 Qxf2 41. R4c2 Qh4 42. Rc5 Kf7 43. Rxh5 Qxh3+ 44. gxh3 Rg7 45. Rg1 Rag8 46. Rxg7+ Rxg7 47.
h4 Ke6 48. Rh8 Kd5 49. h5 Kc4 50. h6 Rg6 51. Rh7 Kd3 52. Rxb7 Rxh6+ 53. Kg3 Kxe3 54. d5 cxd5 55. Rb6 d4 56.
Rxa6 d3 57. Rd6 d2 58. b5 Rh1 0-1